 Dungeon Crawl Stone Soup version 0.30-a0-728-gc68057be0a (webtiles) character file.

Game seed: 18353800853768585633

3 xian the Caller (level 1, 0/13 HPs)
             Began as a Demonspawn Summoner on Feb 1, 2023.
             Slain by an endoplasm (2 damage)
             ... on level 1 of the Dungeon.
             The game lasted 00:00:45 (100 turns).

xian the Caller (Demonspawn Summoner)                Turns: 100, Time: 00:00:45

Health: 0/13       AC:  3    Str:  8    XL:     1   Next: 41%
Magic:  0/3        EV: 11    Int: 16    God:
Gold:   5          SH:  0    Dex: 13    Spells: 3/4 levels left

rFire   . . .      SeeInvis .    (no weapon)
rCold   . . .      Faith    .    (no shield)
rNeg    . . .      Spirit   .    e - +0 leather armour
rPois   .          Reflect  .    (no helmet)
rElec   .          Harm     .    (no cloak)
rCorr   .          Rampage  .    (no gloves)
Will    .....                    (no boots)
Stlth   ++                       (no amulet)
HPRegen 0.22/turn                (no ring)
MPRegen 0.08/turn                (no ring)

@: no status effects
A: no striking features
a: no special abilities


You were on level 1 of the Dungeon.
You visited 1 branch of the dungeon, and saw 1 of its levels.

You collected 5 gold pieces.

Inventory:

Armour
 e - a +0 leather armour (worn)
Scrolls
 c - a scroll of magic mapping {unknown}
Potions
 b - a potion of magic
 d - a potion of mutation {unknown}


   Skills:
 + Level 1.8 Dodging
 + Level 1.7 Stealth
 + Level 2.0 Spellcasting
 + Level 4.1 Summonings


You had 3 spell levels left.
You knew the following spells:

 Your Spells              Type           Power      Damage    Failure   Level
a - Summon Small Mammal   Summ           56%        N/A       5%          1

Your spell library contained the following spells:

 Spells                   Type           Power      Damage    Failure   Level
 Call Imp                 Summ           14%        N/A       9%          2
 Call Canine Familiar     Summ           14%        N/A       17%         3
 Summon Guardian Golem    Hex/Summ       8%         N/A       36%         3
 Summon Lightning Spire   Summ/Air       8%         N/A       78%         4


Dungeon Overview and Level Annotations

Branches:
Dungeon (1/15)

Altars:


Message History

Your bat barely misses the frilled lizard.
Your bat hits the frilled lizard. The kobold hits you with a +0 dagger.
The endoplasm barely misses your bat.
The frilled lizard barely misses your bat.
Your rat bites the endoplasm.
You barely miss the kobold. Your bat hits the frilled lizard.
The frilled lizard dies!
The kobold barely misses you. The endoplasm barely misses your rat.
The rat bites your rat.
Your rat completely misses the rat.
You hit the kobold but do no damage.
Your bat closely misses the kobold.
The kobold closely misses you.
Your rat bites the rat.
The rat bites your rat.
Your rat dies!
Your rat's corpse disappears in a puff of smoke!
Your bat completely misses the kobold.
The rat bites your bat. The endoplasm freezes you.
You are frozen.
The kobold closely misses you.
You hit the kobold.
The kobold is heavily wounded.
Your bat misses the kobold.
Your bat barely misses the kobold.
Your bat completely misses the rat.
The kobold hits you with a +0 dagger.
The endoplasm hits you but does no damage.
You hit the kobold but do no damage.
The kobold is heavily wounded.
Your bat hits the rat.
Your bat closely misses the kobold.
The kobold barely misses you. The rat misses you.
The endoplasm closely misses you.
You hit the kobold but do no damage.
The kobold is heavily wounded.
Your bat closely misses the kobold.
Your bat misses the rat. The kobold hits you but does no damage.
The rat bites you. The endoplasm freezes you.
You are frozen.
* * * LOW HITPOINT WARNING * * *
You barely miss the kobold.
The kobold is heavily wounded.
Your bat barely misses the kobold.
Your bat misses the kobold. Your bat hits the rat.
The rat dies!
The endoplasm hits you.
You die...

.......#......#...#.......
.......#......#...#.......
.......#......#...#.######
..............#...#.......
.......##............#####
.......'...†......####
.......#.b......###
###..###JK......# #!
#.@b......# ..
#........... ..
#............ .
...............
...............
.............
.......##.... ....#####
!...


You could see an endoplasm, a kobold (ally target) and 2 friendly bats.

Vanquished Creatures (collateral kills)
  A hobgoblin (D:1)
  A frilled lizard (D:1)
  3 rats (D:1)
5 creatures vanquished.

Notes
Turn   | Place    | Note
-------+----------+-------------------------------------------
     0 | D:1      | xian the Demonspawn Summoner began the quest for the Orb.
     0 | D:1      | Reached XP level 1. HP: 13/13 MP: 3/3
   100 | D:1      | Slain by an endoplasm

Illustrated notes

Levels and vault maps discovered:
D:1:      minmay_arrival_semitransparent, layout_basic, basic_ecumenical_altar,
          chequers_hall_statues_wall_a, minivault_14, grunt_decor_one_mirror

Action                     || total
---------------------------++-------
  Melee: Unarmed           ||    13
   Cast: Summon Small Mamm ||     5
 Armour: Leather armour    ||     6
  Dodge: Dodged            ||    18

Table legend: (Time is in decaauts)
 A = Elapsed time spent in this place.
 B = Non-inter-level travel time spent in this place.
 C = Inter-level travel time spent in this place.
 D = Time resting spent in this place.
 E = Time spent auto-exploring this place.
 F = Levels seen in this place.
 G = Mean time per level.
                   A        B        C        D        E       F      G
               +--------+--------+--------+--------+--------+-----+--------+
         Total |    100 |    100 |      0 |      0 |     22 |   1 |  100.0 |
       Dungeon |    100 |    100 |      0 |      0 |     22 |   1 |  100.0 |
               +--------+--------+--------+--------+--------+-----+--------+

Top non-repeatable levels by time:
     D:1: 100 daAuts
